 Dungeon Crawl Stone Soup version 0.20.1-4-g4af34eaf8e (webtiles) character file.

49 Alfie the Shooter (level 3, 0/30 HPs)
             Began as a Minotaur Hunter on Feb 28, 2020.
             Slain by an adder (3 damage)
             ... on level 2 of the Dungeon.
             The game lasted 00:03:05 (1080 turns).

Alfie the Shooter (Minotaur Hunter)                 Turns: 1080, Time: 00:03:06

Health: 0/30       AC:  3    Str: 19    XL:     3   Next: 51%
Magic:  2/2        EV: 12    Int:  8    God:
Gold:   77         SH:  0    Dex: 10    Spells: 2/2 levels left

rFire    . . .     SeeInvis .   b - +0 short sword
rCold    . . .     Gourm    .   (no shield)
rNeg     . . .     Faith    .   c - +0 leather armour
rPois    .         Spirit   .   (helmet restricted)
rElec    .         Reflect  .   (no cloak)
rCorr    .         Harm     .   (no gloves)
MR       .....                  (no boots)
Stlth    +.........             (no amulet)
Regen    0.1/turn               m - +2 ring of strength
MPRegen  0.1/turn               (no ring)

@: no status effects
A: retaliatory headbutt, horns 2
a: no special abilities


You were on level 2 of the Dungeon.
You were not hungry.

You visited 1 branch of the dungeon, and saw 2 of its levels.

You collected 77 gold pieces.

Inventory:

Hand Weapons
 a - a +1 shortbow
 b - a +0 short sword (weapon)
Missiles
 d - 7 arrows
Armour
 c - a +0 leather armour (worn)
Jewellery
 m - a +2 ring of strength (left hand)
 p - an uncursed ring of stealth {unknown}
Wands
 o - a wand of random effects (16/48)
Scrolls
 k - 3 scrolls of remove curse {unknown}
 l - a scroll of amnesia {unknown}
Potions
 e - 2 potions of magic {unknown}
 h - a potion of berserk rage {unknown}
 i - 2 potions of degeneration {unknown}
 j - a potion of heal wounds {unknown}
 n - a potion of mutation {unknown}
Comestibles
 f - 3 bread rations
 g - 2 royal jellies


   Skills:
 + Level 2.8 Fighting
 + Level 0.2 Short Blades
 + Level 5.4 Bows
 + Level 2.5 Dodging
 + Level 0.7 Stealth


You had 2 spell levels left.
You didn't know any spells.

Dungeon Overview and Level Annotations

Branches:
Dungeon (2/15)

Altars:
Cheibriados


Innate Abilities, Weirdness & Mutations

You reflexively headbutt those who attack you in melee.
You have a pair of horns on your head.


Message History

The adder barely misses you. The hobgoblin closely misses you.
You hit the adder.
The adder is heavily wounded.
The adder bites you but does no damage.
The hobgoblin hits you but does no damage.
You closely miss the adder.
The adder is heavily wounded.
The adder misses you. The hobgoblin misses you. You furiously retaliate!
You headbutt the hobgoblin, but do no damage.
The adder bites you.
* * * LOW HITPOINT WARNING * * *
The adder bites you.
* * * LOW HITPOINT WARNING * * *
The adder closely misses you.
You hit the hobgoblin but do no damage. The adder bites you but does no damage.
The hobgoblin hits you but does no damage.
The hobgoblin barely misses you. The adder bites you but does no damage.
The hobgoblin misses you. The adder bites you.
You die...

. .............. .. .
...#......... .. #
#....(....###.
#.....(........
#......(..#.#.# ##. .#
..#...#.(...#(#.# ....
###.#
..........(..(..#...#
....#
#.#..#..##..#.#.#...#.
.....
.......gS@.†#.........
.....
.....#..##†.#.#........
#.#.#
#.............†........
#.#
#.......##.............
..#.#
##.#.##.#####.###.#..#
....#
.....................#
......
.#.####..####.###.###
...... .. .....##
#.....# #..... #
#..###.....#


You could see an adder and a hobgoblin.

Vanquished Creatures
  An adder (D:2)
  A worm (D:2)
  2 dart slugs
  3 leopard geckos
  A ball python (D:1)
  5 bats
  2 giant cockroaches
  2 goblins
  3 hobgoblins (D:1)
  2 quokkas (D:2)
  2 frilled lizards (D:2)
  3 kobolds (D:1)
  A rat (D:2)
28 creatures vanquished.

Notes
Turn   | Place    | Note
-------+----------+-------------------------------------------
     0 | D:1      | Alfie the Minotaur Hunter began the quest for the Orb.
     0 | D:1      | Reached XP level 1. HP: 18/18 MP: 0/0
   196 | D:1      | Reached XP level 2. HP: 25/25 MP: 1/1
   555 | D:1      | Reached skill level 5 in Bows
   948 | D:2      | Reached XP level 3. HP: 30/30 MP: 2/2
  1062 | D:2      | Found a snail-covered altar of Cheibriados.
  1080 | D:2      | Slain by an adder

Skill      XL: |  1  2 |
---------------+-------+-----
Bows           | 5 |  5.4
Fighting       | |  2.8
Short Blades   | |  0.2
Dodging        | |  2.5
Stealth        | |  0.7

Action                   || total
-------------------------++-------
Melee: Short sword       ||    24
       Headbutt          ||     5
 Fire: Shortbow          ||    45
  Use: Scroll            ||     2
Armor: Leather armour    ||    15
Dodge: Dodged            ||    35
